 Dungeon Crawl Stone Soup version 0.30-b1-2-g02819fbbbe (webtiles) character file.

Game seed: 14070882141114937766

30 Shekn the Trooper (level 3, -1/33 HPs)
             Began as a Minotaur Fighter on June 21, 2023.
             Slain by a gnoll
             ... wielding a +0 club
              (8 damage)
             ... on level 1 of the Dungeon.
             The game lasted 00:09:31 (1207 turns).

Shekn the Trooper (Minotaur Fighter)                Turns: 1207, Time: 00:09:32

Health: -1/33      AC:  7    Str: 22    XL:     3   Next: 3%
Magic:  2/2        EV:  9    Int:  5    God:
Gold:   51         SH:  4    Dex:  9    Spells: 2/2 levels left

rFire   . . .        a - +0 long sword
rCold   . . .        c - +0 buckler
rNeg    . . .        b - +0 scale mail
rPois   .            (helmet restricted)
rElec   .            (no cloak)
rCorr   .            (no gloves)
SInv    .            (no boots)
Will    .....        (no amulet) Stlth
                     (no ring)
HPRegen 0.25/turn    (no ring)
MPRegen 0.08/turn

%: no passive effects
@: no status effects
A: horns 2, retaliatory headbutt
a: no special abilities


You were on level 1 of the Dungeon.
You visited 1 branch of the dungeon, and saw 2 of its levels.

You collected 51 gold pieces.

Inventory:

Hand Weapons
 a - a +0 long sword (weapon)
 e - a +0 mace
 f - a +0 dagger
 h - a +0 dagger
 l - a +0 dagger
 m - a +0 club
Missiles
 g - 6 stones (quivered)
Armour
 b - a +0 scale mail (worn)
 c - a +0 buckler (worn)
 k - a +0 ring mail
Scrolls
 j - a scroll of enchant armour {unknown}
Potions
 d - a potion of might
 i - a potion of ambrosia {unknown}


   Skills:
 + Level 4.2 Fighting
 + Level 3.0 Long Blades
 + Level 4.0 Armour
 + Level 3.9 Shields


You had 2 spell levels left.
You didn't know any spells.
Your spell library was empty.

Dungeon Overview and Level Annotations

Branches:
Dungeon (2/15)

Altars:


Innate Abilities, Weirdness & Mutations

You have a pair of horns on your head.
You reflexively headbutt those who attack you in melee.


Message History

The gnoll attacks as you move away! The gnoll hits you with a +0 club.
* * * LOW HITPOINT WARNING * * *
Found a stone staircase leading down.
Found 5 stones.
There is a stone staircase leading up here.
You climb upwards.
There is a stone staircase leading down here.
You start resting.
HP restored.
There is a stone staircase leading down here.
You climb downwards.
The gnoll hits you with a +0 spear. x2
There is a stone staircase leading up here.
You slash the gnoll!
The gnoll is severely wounded.
The gnoll hits you with a +0 spear.
You slash the gnoll!
You kill the gnoll!
The gnoll hits you with a +3 whip.
Your Long Blades skill increases to level 3!
You have reached level 3!
Your experience leads to an increase in your attributes!
Increase (S)trength, (I)ntelligence, or (D)exterity?
You feel stronger. x2
You hit the gnoll but do no damage. Your headbutt misses the gnoll.
The gnoll hits you with a +3 whip.
The gnoll hits you but does no damage. x2
You hit the gnoll.
The gnoll is moderately wounded.
The gnoll hits you with a +3 whip. The gnoll hits you but does no damage.
You hit the gnoll.
The gnoll is severely wounded.
The gnoll hits you but does no damage. The gnoll hits you with a +0 club.
* * * LOW HITPOINT WARNING * * *
You block the gnoll's attack. The gnoll hits you but does no damage.
You climb upwards.
There is a stone staircase leading down here.
The gnoll hits you with a +3 whip.
* * * LOW HITPOINT WARNING * * *
The gnoll misses you. You furiously retaliate!
You headbutt the gnoll! The gnoll attacks as you move away!
The gnoll hits you with a +0 club!
You die...

.# #...#
#...................
.#####.#.#
#................###
.......#.#
#......###.#.###.#
######.#.##
##...#.......###.###
######....#
###...#..###.....#...
..........#
#..............##.###
..........#
#......#######.##.#
#...##.#..###....g.#
#.##.#
#.#.............@>.#
#.##.#
#...####.........g.#
#.##.# ##.##
##.####.###.# #....#
...# #......# #.#
#.#### #### ########
#.#######.#
#.........#
###########


You could see 2 gnolls.

Vanquished Creatures
  A gnoll (D:2)
  A ball python (D:1)
  An endoplasm (D:1)
  A giant cockroach (D:1)
  A hobgoblin (D:1)
  3 jackals (D:1)
  2 quokkas
  4 bats
  3 goblins
  A kobold (D:1)
  A rat (D:1)
19 creatures vanquished.

Notes
Turn   | Place    | Note
-------+----------+-------------------------------------------
     0 | D:1      | Shekn the Minotaur Fighter began the quest for the Orb.
     0 | D:1      | Reached XP level 1. HP: 19/19 MP: 0/0
   572 | D:1      | Reached XP level 2. HP: 25/27 MP: 1/1
  1201 | D:2      | Reached XP level 3. HP: 14/33 MP: 2/2
  1207 | D:1      | Slain by a gnoll

Illustrated notes

Levels and vault maps discovered:
D:1:      dpeg_arrival_erosion, layout_loops_ring
D:2:      layout_rooms, chequers_ecumenical_altar_simple, minmay_tiny_reverse_x

Skill      XL: |  1  2 |
---------------+-------+-----
Armour         | 4 |  4.0
Fighting       | 4 |  4.2
Long Blades    | 3 |  3.0
Shields        | |  3.9

Action                     || total
---------------------------++-------
  Melee: Long sword        ||    36
         Headbutt          ||     2
 Armour: Scale mail        ||    24
  Dodge: Dodged            ||    31
  Block: Buckler           ||     5
